 Dungeon Crawl Stone Soup version 0.31-a0-1278-g11c5b68f87 (webtiles) character file.

Game seed: 17277550871145203707

30 kae the Vexing (level 3, -2/25 HPs)
             Began as a Demonspawn Enchanter on Dec 17, 2023.
             Slain by an adder (4 damage)
             ... on level 1 of the Dungeon.
             The game lasted 00:01:39 (1239 turns).

kae the Vexing (Demonspawn Enchanter)               Turns: 1239, Time: 00:01:40

Health: -2/25      AC:  3    Str:  8    XL:     3   Next: 5%
Magic:  0/6        EV: 12    Int: 15    God:
Gold:   50         SH:  0    Dex: 15    Spells: 4/6 levels left

rFire   . . .        a - +1 dagger
rCold   . . .        (no shield)
rNeg    . . .        b - +0 robe
rPois   .            (no helmet)
rElec   .            (no cloak)
rCorr   .            (no gloves)
SInv    .            k - +0 pair of boots
Will    .....        (no amulet)
Stlth   ++           (no ring)
HPRegen 0.24/turn    (no ring)
MPRegen 0.10/turn

%: no passive effects
@: very slightly contaminated
A: powered by pain 1
a: no special abilities


You were on level 1 of the Dungeon.
You visited 1 branch of the dungeon, and saw 2 of its levels.

You collected 50 gold pieces.


Innate Abilities, Weirdness & Mutations

You sometimes gain a little power by taking damage.


   Skills:
 + Level 0.5 Fighting
 * Level 1.2 Short Blades
 - Level 1.7 Dodging
 * Level 3.2 Stealth
 + Level 2.1 Spellcasting
 + Level 3.2 Hexes
 * Level 0.5 Ice Magic


You had 4 spell levels left.
You knew the following spells:

 Your Spells              Type           Power      Damage    Failure   Level
a - Ensorcelled Hibernat  Hex/Ice        14%        N/A       16%         2

Your spell library contained the following spells:

 Spells                   Type           Power      Damage    Failure   Level
 Confusing Touch          Hex            11%        N/A       17%         3
 Tukima's Dance           Hex            11%        N/A       17%         3
 Dazzling Flash           Conj/Hex       12%        N/A       34%         3

Inventory:

Hand Weapons
 a - a +1 dagger (weapon)
Missiles
 d - 7 stones
Armour
 b - a +0 robe (worn)
 k - a +0 pair of boots (worn)
   (You found it on level 1 of the Dungeon)
Scrolls
 e - a scroll of poison {unknown}
 f - 2 scrolls of identify {unknown}
 g - a scroll of summoning {unknown}
 j - a scroll of fear {unknown}
Potions
 c - 2 potions of invisibility
 h - a potion of haste {unknown}
 i - 2 potions of heal wounds {unknown}

Dungeon Overview and Level Annotations

Branches:
Dungeon (2/15) Zot: 10759

Altars:

Shops:
D:1

[( #.###########.# #.# #.#
#.# #.# #.# #.# #.#
##'######### ### #.#
#..........# #.. #.#
#######..........# #.. #.#
#................#####.. #.#
#......@.............'.. #.#
#.....JS...)########.#.. #.#
#...........# #.#.. #.#
#...........########.#..
#.####.......................
#....+...................#...
###.##...................#...
#.##...........###.#..####.
#.##...........###.##.####.


You could see an adder and an endoplasm.


Message History

You start putting on your armour.
You continue putting on your +0 pair of boots. x4
You finish putting on your +0 pair of boots.
Partly explored, can't reach some places.
Partly explored, can't reach some places.
Partly explored, can't reach some places.
There is a stone staircase leading down here.
You climb downwards.
The goblin shouts!
Found a robe, a scroll labelled RAOSTR DUTZ, a polished dagger and a sling.
Found a stone staircase leading down and a stone staircase leading up.
There is a stone staircase leading up here.
There are monsters nearby!
Okay, then.
An adder comes into view.
A worm comes into view.
You closely miss the goblin. You closely miss the goblin.
The goblin hits you with a +0 club. 😕 HP[-3]
You take 3 damage, and now have 22/25 hp.
The endoplasm quivers.
You hit the goblin. The goblin closely misses you.
You hit the goblin. The goblin closely misses you.
You hit the goblin.
You kill the goblin!
The endoplasm hits you but does no damage.
You hit the endoplasm. The endoplasm freezes you.
You are frozen. 😕 HP[-2]
You take 2 damage, and now have 20/25 hp.
The endoplasm attacks as it pursues you!
The endoplasm closely misses you. The adder attacks as it pursues you!
The adder bites you but does no damage.
The endoplasm hits you but does no damage. 😕 HP[+1]
The adder bites you but does no damage. The endoplasm freezes you.
You are frozen.
There is a stone staircase leading up here. 😕 HP[-1]
You take 1 damage, and now have 20/25 hp.
The adder barely misses you. The endoplasm hits you.
The adder bites you but does no damage.
You climb upwards.
There is a stone staircase leading down here. 😮 HP[-3]
You take 3 damage, and now have 17/25 hp.
Unknown command.
Casting: Ensorcelled Hibernation (safe; 16% risk of failure)
Confirm with . or Enter, or press ? or * to list all spells.
Aiming: Ensorcelled Hibernation (safe; 16% risk of failure)
Press: ? - help, Shift-Dir - straight line, f - adder
Aim: an adder (chance to affect: 50%)
The adder resists with some effort.
The endoplasm freezes you.
You are frozen.
The adder bites you.
* * * LOW HITPOINT WARNING * * *
😨 HP[-5] MP[-2]
You take 5 damage, and now have 12/25 hp.
You lost 2 mp, and now have 4/6 mp.
Casting: Ensorcelled Hibernation (safe; 16% risk of failure)
Confirm with . or Enter, or press ? or * to list all spells.
Aiming: Ensorcelled Hibernation (safe; 16% risk of failure)
Press: ? - help, Shift-Dir - straight line, f/p - adder
Aim: an adder (chance to affect: 50%)
The adder looks drowsy...
The endoplasm hits you.
* * * LOW HITPOINT WARNING * * *
😨 HP[-2] MP[-2]
You take 2 damage, and now have 10/25 hp.
You lost 2 mp, and now have 2/6 mp.
Unknown command.
Casting: Ensorcelled Hibernation (safe; 16% risk of failure)
Confirm with . or Enter, or press ? or * to list all spells.
Aiming: Ensorcelled Hibernation (safe; 16% risk of failure)
Press: ? - help, Shift-Dir - straight line, f - endoplasm, p - adder
Aim: an endoplasm (lightly wounded, chance to affect: 58%)
You miscast Ensorcelled Hibernation.
You are very lightly contaminated with residual magic.
Nothing appears to happen.
The endoplasm barely misses you.
The adder hisses angrily. 😨 MP[-2]
You lost 2 mp, and now have 0/6 mp.
Unknown command.
You closely miss the adder. The adder bites you.
* * * LOW HITPOINT WARNING * * *
The endoplasm hits you.
* * * LOW HITPOINT WARNING * * *
😱 HP[-4]
You take 4 damage, and now have 6/25 hp.
You hit the adder. The adder barely misses you. The endoplasm freezes you.
You are frozen.
* * * LOW HITPOINT WARNING * * *
😱 HP[-4]
You take 4 damage, and now have 2/25 hp.
Unknown command.
You closely miss the adder. The adder closely misses you.
The endoplasm barely misses you. The adder bites you.
You die...

Skill      XL: |  1  2 |
---------------+-------+-----
Short Blades   | 1 |  1.2
Stealth        | 3 |  3.2
Fighting       | |  0.5
Dodging        | |  1.7
Spellcasting   | |  2.1
Hexes          | |  3.2
Ice Magic      | |  0.5

Action                     || total
---------------------------++-------
  Melee: Dagger            ||   123
         Punch             ||     2
   Cast: Ensorcelled Hiber ||     5
   Stab: Sleeping          ||     5
 Armour: Robe              ||    60
  Dodge: Dodged            ||    74

Levels and vault maps discovered:
D:1:      mrwooster_arrival_statue_2, layout_basic, serial_shops, shop, shop,
          chequers_big_river
D:2:      layout_rooms, hangedman_decor_growths, st_stairs_8

Notes
Turn   | Place    | Note
-------+----------+-------------------------------------------
     0 | D:1      | kae the Demonspawn Enchanter began the quest for the Orb.
     0 | D:1      | Reached XP level 1. HP: 13/13 MP: 3/3
     0 | D:1      | magus.rc [v1.11.3]
    32 | D:1      | Found Ivapp's Armour Emporium.
    88 | D:1      | Reached skill level 1 in Short Blades
   212 | D:1      | HP: 2/13 [quokka (3)]
   286 | D:1      | Gained mutation: You sometimes gain a little power by
                  | taking damage. [demonic ancestry]
   286 | D:1      | Reached XP level 2. HP: 19/19 MP: 5/5
   289 | D:1      | Learned a level 2 spell: Ensorcelled Hibernation
   366 | D:1      | Reached skill level 3 in Stealth
   373 | D:1      | Found Pevut's Weapon Shoppe.
   767 | D:1      | Reached XP level 3. HP: 19/25 MP: 3/6
  1237 | D:1      | HP: 6/25 [endoplasm (1)]
  1238 | D:1      | HP: 2/25 [frozen (5)]
  1239 | D:1      | Slain by an adder

Vanquished Creatures
  5 endoplasms (D:1)
  2 giant cockroaches (D:1)
  2 goblins
  4 hobgoblins (D:1)
  A kobold (D:1)
  A quokka (D:1)
  4 bats (D:1)
  2 frilled lizards (D:1)
  7 rats (D:1)
28 creatures vanquished.

Table legend:
 A = Non-vault XP
 B = Vault XP
 C = Vault XP percentage of total XP
 D = Non-vault monster count
 E = Vault monster count
 F = Vault count percentage of total count
                 A         B        C        D         E       F
            +---------+---------+-------+---------+---------+-------
      Total |      44 |       0 |   0.0 |      28 |       0 |   0.0
            +---------+---------+-------+---------+---------+-------
        D:1 |      42 |       0 |   0.0 |      27 |       0 |   0.0
        D:2 |       2 |       0 |   0.0 |       1 |       0 |   0.0
            +---------+---------+-------+---------+---------+-------

Skill      XL: |  1  2 |
---------------+-------+-----
Short Blades   | 1 |  1.2
Stealth        | 3 |  3.2
Fighting       | |  0.5
Dodging        | |  1.7
Spellcasting   | |  2.1
Hexes          | |  3.2
Ice Magic      | |  0.5

Action                     || total
---------------------------++-------
  Melee: Dagger            ||   123
         Punch             ||     2
   Cast: Ensorcelled Hiber ||     5
   Stab: Sleeping          ||     5
 Armour: Robe              ||    60
  Dodge: Dodged            ||    74

Illustrated notes

Table legend:
 A = Kills in this place as a percentage of kills in the entire game.
 B = Kills by you in this place as a percentage of kills by you in the entire game.
 C = Kills by friends in this place as a percentage of kills by friends in the entire game.
 D = Other kills in this place as a percentage of other kills in the entire game.
 E = Experience gained in this place as a percentage of experience gained in the entire game.
 F = Experience gained in this place divided by the number of levels of this place that you have seen.
                   A       B       C       D       E      F
               +-------+-------+-------+-------+-------+----------------------
         Total | 100.0 | 100.0 |   N/A |   N/A | 100.0 |  22.0
       Dungeon | 100.0 | 100.0 |   N/A |   N/A | 100.0 |  22.0
               +-------+-------+-------+-------+-------+----------------------

Table legend: (Time is in decaauts)
 A = Elapsed time spent in this place.
 B = Non-inter-level travel time spent in this place.
 C = Inter-level travel time spent in this place.
 D = Time resting spent in this place.
 E = Time spent auto-exploring this place.
 F = Levels seen in this place.
 G = Mean time per level.
                   A        B        C        D        E       F      G
               +--------+--------+--------+--------+--------+-----+--------+
         Total |   1239 |   1196 |     43 |    117 |    823 |   2 |  619.5 |
       Dungeon |   1239 |   1196 |     43 |    117 |    823 |   2 |  619.5 |
               +--------+--------+--------+--------+--------+-----+--------+

Top non-repeatable levels by time:
     D:1: 1223 daAuts
     D:2: 16 daAuts
